 Dungeon Crawl Stone Soup version 0.17.2 (webtiles) character file.

411 Goblin1989 the Poker (level 6, -1/46 HPs)
             Began as a Demonspawn Gladiator on June 27, 2016.
             Was an Initiate of Okawaru.
             Succumbed to poison (a potion of poison)
             ... on level 5 of the Dungeon.
             The game lasted 00:09:40 (3920 turns).

Goblin1989 the Poker (Demonspawn Gladiator)         Turns: 3920, Time: 00:09:40

Health: -1/46      AC:  8    Str: 17    XL:     6   Next: 58%
Magic:  6/6        EV:  9    Int:  9    God:    Okawaru [......]
Gold:   108        SH:  8    Dex: 14    Spells: 0 memorised, 5 levels left

rFire  . . .     SeeInvis .     a - +0 trident
rCold  . . .     Clarity  .     j - +0 ring mail (curse)
rNeg   . . .     SustAt   .     o - +0 shield
rPois  .         Gourm    .     c - +0 helmet
rElec  .         Spirit   .     (no cloak)
rCorr  .         Warding  .     (no gloves)
rMut   .         Stasis   .     (no boots)
MR     .....                    (no amulet)
Stlth  +.........               (no ring)
                                (no ring)

@: lethally poisoned (-1 -> -12), not resistant to hostile enchantments, very
unstealthy
A: rugged brown scales 2
a: Renounce Religion


You were on level 5 of the Dungeon.
You worshipped Okawaru.
Okawaru was noncommittal.
You were very hungry.

You visited 1 branch of the dungeon, and saw 5 of its levels.

You collected 108 gold pieces.

Inventory:

Hand Weapons
 a - a +0 trident (weapon)
Missiles
 d - a throwing net (quivered) {=f, !d}
Armour
 c - a +0 helmet (worn)
 j - a cursed +0 ring mail (worn)
 o - a +0 shield (worn)
Wands
 r - a wand of flame (20)
 u - a wand of enslavement (9)
Scrolls
 b - a scroll of recharging {unknown}
 f - 2 scrolls of remove curse {unknown}
 p - a scroll of immolation {unknown}
 q - 2 scrolls of identify {unknown}
 x - 3 scrolls of teleportation {unknown}
Potions
 h - a potion of lignification {unknown}
 i - a potion of cancellation {unknown}
 m - a potion of invisibility {unknown}
 n - a potion of cure mutation {!q}
 s - 4 potions of curing {unknown}
 v - a potion of poison {!q}
Comestibles
 e - 3 bread rations
 g - a slice of pizza
 k - 3 meat rations
 l - a royal jelly
 t - 2 beef jerkies
 w - 6 fruits


   Skills:
 - Level 2.0 Fighting
 * Level 6.3 Polearms
 - Level 1.7 Throwing
 - Level 2.6 Dodging
 - Level 2.2 Shields


You had 5 spell levels left.
You didn't know any spells.

Dungeon Overview and Level Annotations

Branches:
Dungeon (5/15)             Temple (0/1) D:5

Altars:
Okawaru
Qazlal

Annotations:
D:4 Blork the orc


Innate Abilities, Weirdness & Mutations

You are mostly covered in rugged brown scales (AC +2, +5% HP).


Message History

* * * LOW HITPOINT WARNING * * *
You take 4 damage, and have 6/46 hp.
Your shield and ring mail prevent you from hitting the orc priest.
The orc priest closely misses you. You block the orc's attack.
You hit the orc priest but do no damage.
You block the orc priest's attack. The orc barely misses you.
You hit the orc priest.
The orc priest calls down the wrath of Beogh upon you.
Pain shoots through your body!
* * * LOW HITPOINT WARNING * * *
The orc barely misses you.
You take 5 damage, and have 1/46 hp.
Drink which item? (? for menu, Esc to quit)
It was a potion of cure mutation.
It has a very clean taste.
The orc priest completely misses you.
Drink which item? (? for menu, Esc to quit)
It was a potion of poison.
That liquid tasted very nasty...
You are lethally poisoned!
You die...

#...########.#......
#..............#.###
#...##########.#.#
###.# #...# #.#
#..## #.# #..####
#.# #...... #.#
##.#### #@### #.#
#oo.# #.# #..oZ#.#
#.# #.##..... #.# ..
#.#.#.#. #.# .
.......... ..
#.#.......
.......... ..
...>...


You could see an orc priest, 2 orcs and a giant gecko zombie.

Vanquished Creatures
  An ogre (D:4)
  A scorpion (D:4)
  2 orc priests (D:4)
  A hound (D:4)
  A worker ant (D:4)
  An orc wizard (D:4)
  4 adders
  3 oozes
  An adder skeleton (D:4)
  4 giant geckos
  6 orcs
  7 giant cockroaches
  5 hobgoblins (D:2)
  A jackal (D:4)
  5 kobolds
  3 quokkas
  2 ball pythons (D:2)
  4 bats
  4 giant newts
  6 goblins
  A quokka skeleton (D:4)
  7 rats
70 creatures vanquished.

Notes
Turn   | Place    | Note
--------------------------------------------------------------
     0 | D:1      | Goblin1989 the Demonspawn Gladiator began the quest for the Orb.
     0 | D:1      | Reached XP level 1. HP: 16/16 MP: 1/1
    25 | D:1      | Reached skill level 3 in Polearms
   397 | D:1      | Gained mutation: You are partially covered in rugged brown scales (AC +1, +3% HP). [demonic ancestry]
   397 | D:1      | Reached XP level 2. HP: 13/22 MP: 2/2
   866 | D:2      | Reached XP level 3. HP: 19/27 MP: 3/3
   967 | D:2      | Reached skill level 4 in Polearms
  1005 | D:2      | Found a stormy altar of Qazlal.
  1298 | D:2      | Gained mutation: You are mostly covered in rugged brown scales (AC +2, +5% HP). [demonic ancestry]
  1298 | D:2      | Reached XP level 4. HP: 26/34 MP: 4/4
  2176 | D:4      | Reached skill level 5 in Polearms
  2176 | D:4      | Reached skill level 1 in Shields
  2176 | D:4      | Reached XP level 5. HP: 11/39 MP: 5/5
  2629 | D:4      | Found an iron altar of Okawaru.
  2632 | D:4      | Became a worshipper of Warmaster Okawaru
  2930 | D:4      | Noticed an ogre
  3017 | D:4      | Killed an ogre
  3017 | D:4      | Reached XP level 6. HP: 15/46 MP: 6/6
  3284 | D:4      | Reached skill level 6 in Polearms
  3509 | D:4      | Noticed Blork the orc
  3806 | D:5      | Entered Level 5 of the Dungeon
  3903 | D:5      | Found a staircase to the Ecumenical Temple.
  3918 | D:5      | HP: 1/46 [orc priest/nerve-wracking pain (6)]
  3920 | D:5      | Succumbed to poison (a potion of poison)

Action                   |  1- 3 |  4- 6 || total
-------------------------+-------+-------++-------
Melee: Trident           |   144 |   188 ||   332
Throw: Throwing net      |       |     4 ||     4
  Use: Potion            |       |     3 ||     3
 Stab: Held in net/web   |       |     1 ||     1
  Eat: Chunk             |     1 |     6 ||     7
       Pizza             |       |     1 ||     1
